 Dungeon Crawl Stone Soup version 0.29-a0-322-g68df515428 (webtiles) character file.

Game seed: 1077111098032641581

80007 Flugslaktarn the Human Aeon (level 16, -1/122 (125) HPs)
             Began as a Human Venom Mage on Apr 6, 2022.
             Was the Champion of Cheibriados.
             Slain by a ghost moth (2 damage)
             ... on level 3 of the Spider Nest.
             The game lasted 01:09:13 (7819 turns).

Flugslaktarn the Human Aeon (Human Venom Mage)      Turns: 7819, Time: 01:09:13

HP:   -1/122 (125)  AC: 10    Str: 27      XL:     16   Next: 13%
MP:   1/30          EV: 22    Int: 34 (36) God:    Cheibriados [******]
Gold: 738           SH:  7    Dex: 27 (28) Spells: 15/35 levels left

rFire   x . .      SeeInvis .   l - +5 spear (distort)
rCold   + + .      Faith    .   I - +2 buckler
rNeg    . . .      Spirit   .   M - +2 troll leather armour {Snorg}
rPois   .          Reflect  .   D - +1 helmet
rElec   .          Harm     .   (no cloak)
rCorr   .          Rampage  .   (no gloves)
Will    +....                   E - +1 pair of boots
Stlth   +++.......              k - amulet of magic regeneration
HPRegen 1.10/turn               p - ring of protection from cold
MPRegen 0.62/turn               f - ring of ice

@: about to teleport, very slightly contaminated, lightly drained, very slow
A: no striking features
a: Renounce Religion, Bend Time, Temporal Distortion, Slouch, Step From Time


You were on level 3 of the Spider Nest.
You worshipped Cheibriados.
Cheibriados was exalted by your worship.
You visited 6 branches of the dungeon, and saw 23 of its levels.
You visited the Abyss 1 time.

You collected 1416 gold pieces.
You spent 678 gold pieces at shops.

Inventory:

Hand Weapons
 c - a +7 dagger
   (You took it off a kobold on level 8 of the Dungeon)
 l - a +5 spear of distortion (weapon)
   (You took it off a gnoll sergeant on level 6 of the Dungeon)
Missiles
 m - 2 javelins (quivered)
 x - 2 curare-tipped darts
 A - a throwing net
Armour
 a - a +0 robe
 j - a +1 ring mail of poison resistance
   (You found it on level 2 of the Dungeon)
 D - a +1 helmet (worn)
   (You found it on level 2 of the Elven Halls)
 E - a +1 pair of boots (worn)
   (You found it on level 3 of the Spider Nest)
 I - a +2 buckler (worn)
   (You found it on level 2 of the Lair of Beasts)
 M - a +2 troll leather armour (worn) {Snorg}
   (You found it on level 3 of the Lair of Beasts)
Magical Staves
 s - a staff of poison
   (You found it on level 6 of the Dungeon)
 B - a staff of conjuration
   (You took it off a kobold on level 8 of the Dungeon)
Jewellery
 f - a ring of ice (right hand)
   (You found it on level 1 of the Dungeon)
 k - an amulet of magic regeneration (around neck)
   (You found it on level 2 of the Dungeon)
 p - a ring of protection from cold (left hand)
   (You found it on level 7 of the Dungeon)
 C - a ring of ice
   (You found it on level 1 of the Elven Halls)
 K - a ring of fire
   (You found it on level 3 of the Lair of Beasts)
Wands
 h - a wand of polymorph (10)
   (You found it on level 4 of the Dungeon)
 z - a wand of charming (2)
   (You found it on level 5 of the Dungeon)
 H - a wand of paralysis (3)
   (You found it on level 1 of the Lair of Beasts)
 P - a wand of iceblast (6)
   (You found it on level 1 of the Spider Nest)
Scrolls
 e - 2 scrolls of immolation
 g - 5 scrolls of amnesia
 i - a scroll of magic mapping
 r - 2 scrolls of identify
 t - 4 scrolls of teleportation
 y - 2 scrolls of noise
 G - 2 scrolls of holy word
 N - a scroll of enchant weapon
 O - a scroll of vulnerability
 Q - 4 scrolls of fog
Potions
 b - 3 potions of flight
 d - a potion of might
 n - a potion of resistance
 o - a potion of cancellation
 q - 5 potions of curing
 u - 3 potions of attraction
 v - 2 potions of invisibility
 w - a potion of heal wounds
 J - 11 potions of ambrosia
 L - a potion of magic


   Skills:
 - Level 11.0 Fighting
 - Level 4.0 Polearms
 - Level 11.0 Dodging
 - Level 2.0 Stealth
 - Level 10.0 Spellcasting
 - Level 6.0 Conjurations
 + Level 9.9 Translocations
 - Level 3.0 Transmutations
 - Level 1.0 Fire Magic
 - Level 8.0 Ice Magic
 - Level 6.0 Air Magic
 - Level 7.0 Poison Magic
 - Level 12.0 Invocations
 - Level 4.0 Evocations


You had 15 spell levels left.
You knew the following spells:

 Your Spells              Type           Power      Damage    Failure   Level
a - Sting                 Tmut/Pois      100%       1d8       1%          1
b - Poisonous Vapours     Pois/Air       100%       N/A       1%          2
c - Mephitic Cloud        Conj/Pois/Air  56%        N/A       1%          3
d - Olgreb's Toxic Radia  Pois           59%        N/A       2%          4
e - Ignite Poison         Fire/Tmut/Pois 41%        N/A       2%          3
f - Freezing Cloud        Conj/Ice/Air   38%        6-21      8%          5
r - Blink                 Tloc           100%       N/A       1%          2

Your spell library contained the following spells:

 Spells                   Type           Power      Damage    Failure   Level
 Foxfire                  Conj/Fire      100%       2x1d9     1%          1
 Magic Dart               Conj           100%       1d8       1%          1
 Shock                    Conj/Air       100%       1d9       1%          1
 Searing Ray              Conj           100%       2d8       1%          2
 Lesser Beckoning         Tloc           71%        N/A       1%          3
 Manifold Assault         Tloc           71%        N/A       1%          5
 Lightning Bolt           Conj/Air       27%        1d44      10%         5
 Summon Guardian Golem    Hex/Summ       17%        N/A       12%         3
 Fulminant Prism          Conj/Hex       18%        3d11      12%         4
 Orb of Destruction       Conj           27%        9d9       96%         7
 Spellforged Servitor     Conj/Summ      18%        N/A       100%        7


Dungeon Overview and Level Annotations

Branches:
Dungeon (10/15)            Temple (1/1) D:5            Lair (4/6) D:10
  Swamp (0/4) Lair:3       Spider (4/4) Lair:4          Orc (2/2) D:10
    Elf (2/3) Orc:2

Altars:
Ashenzari
Cheibriados
Dithmenos
Elyvilon
Fedhas
Gozag
Kikubaaqudgha
Makhleb
Nemelex Xobeh
Okawaru
Qazlal
Ru
Trog
Uskayaw
Vehumet
Wu Jian
Xom
Yredelemnul
Beogh

Shops:
D:2 [   D:5 ?   D:8 [   Orc:2 !(!!   Elf:2 ?


Message History

You finish taking off your +0 pair of boots.
You start putting on your armour.
You continue putting on your +1 pair of boots.
You feel sick.
You continue putting on your +1 pair of boots.
Magic restored.
You feel sick.
You continue putting on your +1 pair of boots.
You feel sick.
You continue putting on your +1 pair of boots.
You feel sick.
You continue putting on your +1 pair of boots.
You feel sick.
You finish putting on your +1 pair of boots.
You drop a +0 pair of boots.
You feel sick.
You feel sick.
You feel sick.
You feel sick.
You are no longer poisoned.
A culicivora comes into view.
The culicivora hisses angrily.
You hear an angry hiss.
The culicivora misses you.
You hit the culicivora but do no damage.
The culicivora blinks!
A redback comes into view.
The culicivora completely misses you.
You puncture the culicivora!
The culicivora is moderately wounded.
The culicivora blinks!
The culicivora completely misses you.
Casting: Ignite Poison (mildly dangerous; 2% risk of failure)
Confirm with . or Enter, or press ? or * to list all spells.
You miscast Olgreb's Toxic Radiance.
You are very lightly contaminated with residual magic.
Nothing appears to happen.
You feel you are being watched by something.
You feel your power leaking away. The culicivora closely misses you.
Okay, then.
Casting: Olgreb's Toxic Radiance (mildly dangerous; 1% risk of failure)
Confirm with . or Enter, or press ? or * to list all spells.
Aiming: Freezing Cloud (dangerous; 7% risk of failure)
Press: ? - help, Dir - move target You feel a surge of power!
The culicivora misses you.
You feel you are being watched by something.
You feel your power leaking away. The culicivora completely misses you.
You puncture the culicivora!
The culicivora is heavily wounded.
You feel you are being watched by something.
You feel your power leaking away.
A jumping spider comes into view.
The redback bites you! You block the culicivora's attack.
You puncture the culicivora!
Space warps horribly around the culicivora!
The culicivora is almost dead.
The redback closely misses you.
The culicivora bites you but does no damage.
Something hits you!
Deactivating autopickup; reactivate with Ctrl-A.
Something hits you.
Something stings you but does no damage.
Unknown command.
You miss something.
A tarantella comes into view.
The redback misses you. The culicivora closely misses you.
You feel you are being watched by something.
You feel your power leaking away. Something hits you!
Something barely misses you. Something stings you.
You feel clumsy. The culicivora barely misses you.
The redback completely misses you.
A steelbarb worm comes into view.
As you read the scroll of teleportation, it crumbles to dust.
You feel strangely unstable. The redback completely misses you.
The culicivora bites you!
The culicivora draws strength from your injuries!
Something hits you but does no damage. Something hits you!
You feel dopey. Something barely misses you.
Unknown command.
You hit something but do no damage.
Space warps horribly around something!!
The redback completely misses you. The culicivora closely misses you.
You feel you are being watched by something.
You feel your power leaking away.
Something hits you. x2; Something stings you.
* * * LOW HITPOINT WARNING * * *
The culicivora misses you. The redback bites you!
* * * LOW HITPOINT WARNING * * *
Something barely misses you. Something hits you.
* * * LOW HITPOINT WARNING * * *
Something barely misses you. The redback attacks as you move away!
The redback bites you but does no damage.
The culicivora closely misses you. Something hits you!
* * * LOW HITPOINT WARNING * * *
Something hits you!
* * * LOW HITPOINT WARNING * * *
You feel dopey.
Something stings you but does no damage.
The culicivora barely misses you. The redback closely misses you.
Something hits you but does no damage. Something closely misses you.
Something stings you.
You die...

...# ..... ...^ ...### #.
#...§# §.. #w#§§#§..#
#s..§§§§# #s..§# ## ##@s###
###. #..######
#.^#####..#....#
##...#.#.......^#
#..#.>.###.....## # .
##..##....###..### .#.##
####.####..#...#..[.#....^#
#.....##..##...##^..#.....#.
####...####.....#.....^....


You could see a steelbarb worm, a culicivora, a jumping spider and a redback.

Vanquished Creatures
  A tentacled starspawn (Abyss:2)
  A deep elf sorcerer (Elf:1)
  2 orc warlords (Orc:1)
  A deep elf elementalist (Elf:1)
  2 broodmothers (Spider:2)
  A deep elf demonologist (Elf:1)
  A deep elf annihilator (Elf:1)
  An entropy weaver (Spider:2)
  Snorg (Lair:3)
  2 hydras
  4 radroaches
  10 two-headed ogres
  2 ogre magi (Orc:2)
  A dancing weapon (Elf:2)
  8 deep elf knights
  A pharaoh ant (Spider:4)
  4 steelbarb worms
  A bog body (Lair:3)
  2 deep trolls (Orc:2)
  4 deep elf archers
  2 starcursed masses (Abyss:2)
  7 orb spiders
  9 deep elf pyromancers
  An orc knight (Orc:1)
  An orc sorcerer (Orc:2)
  8 wolf spiders
  2 cyclopes (Orc:2)
  5 deep elf zephyrmancers
  5 elephants (Lair:3)
  A moth of wrath (Spider:1)
  2 torpor snails
  2 black mambas
  4 molten gargoyles (Elf:1)
  5 cane toads
  4 komodo dragons
  3 demonic crawlers
  11 trolls
  A tarantella (shapeshifter) (Elf:2)
  A queen bee (Lair:2)
  10 tarantellas
  7 dream sheep (Lair:3)
  11 jumping spiders
  2 wyverns
  16 culicivoras
  14 yaks
  26 redbacks
  3 steam dragons
  4 basilisks
  5 wargs
  10 water moccasins
  17 orc warriors
  3 ice beasts
  A sky beast (D:7)
  A black bear (Lair:3)
  17 wolves
  23 ogres
  A centaur (D:8)
  4 kobold brigands
  10 bullfrogs
  An earth elemental (Elf:2)
  A gnoll sergeant (D:6)
  4 scorpions
  9 wights
  27 killer bees
  An electric eel (Spider:2)
  4 howler monkeys (D:8)
  3 hounds
  8 orc priests
  A gnoll shaman (D:8)
  2 iguanas
  17 orc wizards
  7 hell rats (Lair:3)
  2 adders (D:4)
  11 gnolls
  4 dart slugs
  49 orcs
  3 ball pythons
  3 endoplasms
  5 giant cockroaches
  6 goblins
  3 hobgoblins
  9 jackals
  A bat (D:1)
  2 frilled lizards
  39 kobolds
  A rat (D:1)
532 creatures vanquished.

Vanquished Creatures (others)
  4 fungi
  76 plants
  4 starspawn tentacles (Abyss:2)
84 creatures vanquished.

Grand Total: 616 creatures vanquished

Notes
Turn   | Place    | Note
-------+----------+-------------------------------------------
     0 | D:1      | Flugslaktarn the Human Venom Mage began the quest for the
                  | Orb.
     0 | D:1      | Reached XP level 1. HP: 13/13 MP: 3/3
    49 | D:1      | Reached XP level 2. HP: 5/19 MP: 0/5
    52 | D:1      | Learned a level 2 spell: Poisonous Vapours
   202 | D:1      | Reached skill level 1 in Air Magic
   217 | D:1      | Reached XP level 3. HP: 13/24 MP: 0/6
   307 | D:2      | Found Juuczy's Armour Shoppe.
   576 | D:2      | Reached XP level 4. HP: 24/30 MP: 7/7
   601 | D:2      | Learned a level 3 spell: Mephitic Cloud
   815 | D:5      | Entered Level 5 of the Dungeon
   815 | D:5      | Noticed an ogre
   817 | D:5      | Found a staircase to the Ecumenical Temple.
   823 | Temple   | Entered the Ecumenical Temple
   975 | Temple   | Became a worshipper of Cheibriados the Contemplative
  1082 | D:4      | Reached skill level 1 in Conjurations
  1178 | D:4      | Reached XP level 5. HP: 28/35 MP: 6/8
  1193 | D:4      | Noticed a bullfrog
  1205 | D:4      | Killed a bullfrog
  1407 | D:5      | Noticed an ice beast
  1424 | D:4      | Reached * piety under Cheibriados
  1427 | D:4      | Reached XP level 6. HP: 29/41 MP: 6/10
  1521 | D:5      | Noticed an ogre
  1529 | D:5      | Killed an ogre
  1560 | D:5      | Learned a level 3 spell: Ignite Poison
  1584 | D:5      | Found Pojoihal's Magic Scroll Shoppe.
  1622 | D:5      | Bought a scroll of teleportation for 36 gold pieces
  1622 | D:5      | Bought a scroll of fear for 42 gold pieces
  1622 | D:5      | Bought a scroll of identify for 24 gold pieces
  1622 | D:5      | Bought a scroll of identify for 24 gold pieces
  1740 | D:5      | Killed an ogre
  1741 | D:5      | Reached skill level 1 in Fire Magic
  1741 | D:5      | Reached XP level 7. HP: 21/46 MP: 5/13
  1746 | D:5      | Learned a level 4 spell: Olgreb's Toxic Radiance
  1814 | D:5      | Reached ** piety under Cheibriados
  1815 | D:5      | Reached skill level 5 in Poison Magic
  2436 | D:6      | Reached XP level 8. HP: 53/53 MP: 6/14
  2522 | D:6      | Reached skill level 1 in Fighting
  2522 | D:6      | Reached skill level 1 in Polearms
  2537 | D:7      | Reached *** piety under Cheibriados
  2615 | D:7      | Found an iron altar of Okawaru.
  2984 | D:8      | Found Xobuem's Antique Armour Emporium.
  3004 | D:8      | Reached XP level 9. HP: 63/63 MP: 9/15
  3132 | D:7      | Reached skill level 1 in Invocations
  3191 | D:7      | Reached skill level 2 in Invocations
  3285 | D:8      | Reached **** piety under Cheibriados
  3286 | D:8      | Reached skill level 3 in Invocations
  3327 | D:8      | Reached skill level 5 in Spellcasting
  3327 | D:8      | Reached skill level 4 in Invocations
  3577 | D:9      | Reached skill level 5 in Invocations
  3628 | D:9      | Reached XP level 10. HP: 48/71 MP: 13/18
  3643 | D:9      | Found a hide-covered altar of Uskayaw.
  3687 | D:9      | Reached skill level 6 in Invocations
  3696 | D:9      | Learned a level 5 spell: Freezing Cloud
  3732 | D:10     | Entered Level 10 of the Dungeon
  3741 | D:10     | Found a staircase to the Orcish Mines.
  3747 | Orc:1    | Entered Level 1 of the Orcish Mines
  3758 | Orc:1    | Reached skill level 1 in Ice Magic
  3774 | Orc:1    | Noticed an orc warlord
  3786 | Orc:1    | Killed an orc warlord
  3787 | Orc:1    | Reached skill level 7 in Invocations
  3787 | Orc:1    | Noticed an orc knight
  3799 | Orc:1    | HP: 1/71 [orc knight/+0 great sword (26)]
  3800 | Orc:1    | Reached ***** piety under Cheibriados
  3800 | Orc:1    | Killed an orc knight
  3812 | D:10     | Found a staircase to the Lair.
  4004 | Orc:1    | Noticed a two-headed ogre
  4008 | Orc:1    | Killed a two-headed ogre
  4009 | Orc:1    | Reached XP level 11. HP: 77/77 MP: 12/20
  4067 | Orc:1    | Reached skill level 8 in Invocations
  4108 | Orc:1    | Reached skill level 5 in Air Magic
  4112 | Orc:1    | Reached skill level 5 in Conjurations
  4205 | Orc:1    | Noticed an orc warlord
  4213 | Orc:1    | Reached skill level 5 in Ice Magic
  4220 | Orc:1    | Killed an orc warlord
  4330 | Orc:2    | Entered Level 2 of the Orcish Mines
  4356 | Orc:2    | Noticed a two-headed ogre
  4363 | Orc:2    | Killed a two-headed ogre
  4489 | Orc:2    | Found a staircase to the Elven Halls.
  4541 | Orc:2    | Noticed a two-headed ogre
  4547 | Orc:2    | Killed a two-headed ogre
  4548 | Orc:2    | Reached XP level 12. HP: 44/84 MP: 7/21
  4572 | Orc:2    | Reached skill level 5 in Fighting
  4572 | Orc:2    | Reached skill level 5 in Dodging
  4622 | Orc:2    | Noticed a two-headed ogre
  4629 | Orc:2    | Killed a two-headed ogre
  4633 | Orc:2    | Noticed a two-headed ogre
  4657 | Orc:2    | Noticed a deep troll
  4660 | Orc:2    | Noticed an ogre mage
  4660 | Orc:2    | Noticed a two-headed ogre
  4661 | Orc:2    | Killed a two-headed ogre
  4661 | Orc:2    | Killed a deep troll
  4664 | Orc:2    | Killed an ogre mage
  4670 | Orc:2    | Killed a two-headed ogre
  4671 | Orc:2    | Reached skill level 1 in Evocations
  4720 | Orc:2    | Found Qaestem's Distillery.
  4725 | Orc:2    | Found Zeed's Distillery.
  4729 | Orc:2    | Noticed a two-headed ogre
  4730 | Orc:2    | Noticed a two-headed ogre
  4734 | Orc:2    | Killed a two-headed ogre
  4736 | Orc:2    | Killed a two-headed ogre
  4755 | Orc:2    | Noticed an ogre mage
  4755 | Orc:2    | Noticed a two-headed ogre
  4760 | Orc:2    | Reached XP level 13. HP: 96/96 MP: 8/23
  4761 | Orc:2    | Killed an ogre mage
  4798 | Orc:2    | Found Secviep's Distillery.
  4803 | Orc:2    | Found Ruec Bia's Antique Weapon Shoppe.
  4822 | Orc:2    | Bought a potion of heal wounds for 70 gold pieces
  4827 | Orc:2    | Bought a potion of heal wounds for 70 gold pieces
  4827 | Orc:2    | Bought 2 potions of invisibility for 224 gold pieces
  4842 | Orc:2    | Bought a potion of curing for 39 gold pieces
  4842 | Orc:2    | Bought a potion of curing for 39 gold pieces
  4913 | Elf:1    | Entered Level 1 of the Elven Halls
  5055 | Elf:2    | Found Anagon's Magic Scroll Shoppe.
  5075 | Elf:2    | Bought a scroll of fear for 59 gold pieces
  5075 | Elf:2    | Bought a scroll of teleportation for 51 gold pieces
  5506 | Elf:2    | Reached skill level 10 in Fighting
  5542 | Elf:2    | Reached XP level 14. HP: 91/110 MP: 16/26
  5572 | Elf:2    | Reached skill level 10 in Dodging
  5601 | Elf:1    | Noticed a deep elf annihilator
  5601 | Elf:1    | Noticed a deep elf elementalist
  5606 | Elf:1    | Killed a deep elf annihilator
  5606 | Elf:1    | Killed a deep elf elementalist
  5608 | Elf:1    | Noticed a deep elf sorcerer
  5610 | Elf:1    | Killed a deep elf sorcerer
  5611 | Elf:1    | Noticed a deep elf demonologist
  5615 | Elf:1    | Cast into level 2 of the Abyss (a deep elf demonologist)
  5621 | Abyss:2  | Noticed a tentacled starspawn
  5634 | Abyss:2  | Killed a tentacled starspawn
  5644 | Abyss:2  | Noticed a starcursed mass
  5665 | Elf:1    | Escaped the Abyss
  5668 | Elf:1    | Killed a deep elf demonologist
  5699 | Elf:1    | Got Xubazam's Papyrus of Confrontation
  5827 | Lair:1   | Entered Level 1 of the Lair of Beasts
  5906 | Lair:1   | Identified the +4 leather armour "Daggille" {Rampage Int+8}
  6207 | Lair:2   | Reached skill level 10 in Spellcasting
  6330 | Lair:3   | Reached ****** piety under Cheibriados
  6330 | Lair:3   | Noticed Snorg
  6331 | Lair:3   | Reached skill level 9 in Invocations
  6412 | Lair:3   | Found a staircase to the Swamp.
  6430 | Lair:3   | Learned a level 2 spell: Blink
  6541 | Lair:3   | Killed Snorg
  6542 | Lair:3   | Reached skill level 1 in Translocations
  6584 | Lair:3   | Reached XP level 15. HP: 106/118 MP: 12/29
  6655 | Lair:3   | Reached skill level 10 in Invocations
  6727 | Lair:4   | Found a hole to the Spider Nest.
  6780 | Spider:1 | Entered Level 1 of the Spider Nest
  6887 | Spider:1 | Reached skill level 5 in Translocations
  6888 | Spider:1 | Reached skill level 11 in Invocations
  7140 | Spider:2 | Noticed a broodmother
  7149 | Spider:2 | Killed a broodmother
  7169 | Spider:2 | Reached skill level 12 in Invocations
  7222 | Spider:2 | Noticed a broodmother
  7229 | Spider:2 | Killed a broodmother
  7695 | Spider:4 | Entered Level 4 of the Spider Nest
  7699 | Spider:4 | Reached XP level 16. HP: 121/125 MP: 20/30
  7819 | Spider:3 | HP: 1/122 [something (8)]
  7819 | Spider:3 | Slain by a ghost moth

Illustrated notes

Levels and vault maps discovered:
D:1:      saegor_arrival_simple_e, layout_rooms, serial_bayou_pond_c,
          minmay_cut_off
D:2:      layout_loops_corners, serial_shops, nicolae_shop_behind_doors
D:3:      layout_loops_corners, ebering_ecumenical_altar_petrified
D:4:      layout_cave_pools, serial_forest, infiniplex_forest_clump_double,
          infiniplex_forest_straight_4, infiniplex_forest_diagonal,
          infiniplex_forest_clump_tiny, infiniplex_forest_zigzag_2,
          infiniplex_forest_lined_ring, infiniplex_forest_clump_tiny,
          infiniplex_forest_lined_room_3
D:5:      kennysheep_kobold_camp, layout_basic, minmay_temple_entry_mini_moons,
          serial_shops, shop_coins
D:6:      layout_loops_corners
D:7:      layout_basic, mainiacjoe_overflow_catwalk, wad_woods_river_04,
          kennysheep_doodads
D:8:      layout_gridville, serial_shops, nicolae_shop_overgrown_old_shop
D:9:      layout_loops_ring, nicolae_uskayaw_murder_on_the_dancefloor,
          serial_glass, glass_columns_a, glass_columns_a, glass_columns_b,
          glass_columns_a, glass_columns_c, glass_columns_c, glass_columns_c,
          glass_columns_b, glass_columns_a, glass_columns_b, glass_columns_a,
          glass_columns_a, glass_columns_b, glass_columns_a, feat_on_display,
          feat_on_display, minmay_strange_pillars, minmay_fountain_box
D:10:     wad_woods_pond, layout_basic, lair_entry_dummy, orc_0_dummy,
          serial_shops, nicolae_shop_crystal
Temple:   mainiacjoe_temple_big_plus
Lair:1:   layout_hall_layers, grunt_megastairs_3, lemuel_fruit_tree, uniq_sonja
Lair:2:   layout_loops_ring, special_room [special_room_bee], serial_rivers,
          chequers_serial_rivers_small_a, chequers_serial_rivers_micro_a,
          chequers_serial_rivers_micro_a, chequers_serial_rivers_micro_c,
          fungi_pond_lemuel
Lair:3:   layout_cave_pods, skrybe_swamp_entry_bodies,
          nicolae_quartered_pool_medium, serial_bayou_shore_a, uniq_snorg
Lair:4:   layout_roguey, spider_nest_entry_a, basic_altar, lemuel_centaur_altar
Spider:1: layout_cave_pods
Spider:2: layout_spider_delve, guppyfry_spider_mini_1
Spider:3: layout_spider_delve
Spider:4: grunt_spider_rune_parallel, hellmonk_test_site
Orc:1:    layout_diamond_mine
Orc:2:    st_orc_open, layout_diamond_mine, basic_altar
Elf:1:    layout_loops_corners, minmay_elf_annihilation, minivault_8
Elf:2:    elven_hall_of_blades_hangedman_alternative
          [mumra_blade_entry_bloodbath], layout_loops_cross, serial_shops,
          nicolae_stop_n_shop_1

Skill      XL: |  1  2  3  4  5  6  7  8  9 10 11 12 13 14 15 |
---------------+----------------------------------------------+-----
Transmutations | 2 3 |  3.0
Air Magic      | 1 2 4 6 |  6.0
Conjurations   | 1 2 4 6 |  6.0
Spellcasting   | 3 4 5 6 7 8 10 | 10.0
Poison Magic   | 4 6 7 |  7.0
Fire Magic     | 1 |  1.0
Fighting       | 3 4 7 10 11 | 11.0
Polearms       | 3 4 |  4.0
Dodging        | 3 4 7 9 11 | 11.0
Invocations    | 5 7 8 9 12 | 12.0
Ice Magic      | 4 8 |  8.0
Evocations     | 4 |  4.0
Translocations | 2 9 |  9.9
Stealth        | |  2.0

Action                   |  1- 3 |  4- 6 |  7- 9 | 10-12 | 13-15 | 16-18 || total
-------------------------+-------+-------+-------+-------+-------+-------++-------
Melee: Unarmed           |     3 |       |       |       |       |       ||     3
       Dagger            |    14 |    26 |     3 |       |       |       ||    43
       Punch             |       |       |     2 |       |     1 |       ||     3
       Spear             |       |       |    36 |    64 |   152 |    13 ||   265
Throw: Dart              |       |       |       |     4 |       |       ||     4
       Javelin           |       |       |       |     1 |     3 |       ||     4
 Cast: Sting             |    35 |    63 |     3 |     7 |       |       ||   108
       Poisonous Vapours |     4 |    32 |    19 |    39 |   102 |     6 ||   202
       Mephitic Cloud    |       |     5 |    18 |     9 |       |       ||    32
       Olgreb's Toxic Ra |       |       |    27 |    36 |    78 |     2 ||   143
       Ignite Poison     |       |       |    27 |    42 |    98 |     5 ||   172
       Freezing Cloud    |       |       |       |     8 |    34 |     2 ||    44
Invok: Bend Time         |       |       |     1 |       |       |       ||     1
       Slouch            |       |       |       |     4 |    10 |     2 ||    16
       Temporal Distorti |       |       |       |       |     2 |       ||     2
Evoke: Wand              |       |       |     3 |     3 |       |       ||     6
  Use: Potion            |     1 |     3 |     3 |     3 |     2 |       ||    12
       Scroll            |       |     8 |     5 |     1 |     8 |     1 ||    23
 Stab: Sleeping          |       |     1 |     1 |     1 |       |       ||     3
       Confused          |       |       |       |     1 |       |       ||     1
Armor: Robe              |    11 |    11 |     5 |     1 |       |       ||    28
       Troll leather arm |       |       |       |     3 |    41 |     8 ||    52
Dodge: Dodged            |    18 |    56 |    37 |    39 |   232 |    44 ||   426
Block: Buckler           |       |       |       |       |    53 |     5 ||    58

Table legend: (Time is in decaauts)
 A = Elapsed time spent in this place.
 B = Non-inter-level travel time spent in this place.
 C = Inter-level travel time spent in this place.
 D = Time resting spent in this place.
 E = Time spent auto-exploring this place.
 F = Levels seen in this place.
 G = Mean time per level.
                   A        B        C        D        E       F      G
               +--------+--------+--------+--------+--------+-----+--------+
         Total |  11850 |  11014 |    836 |     30 |      0 |  24 |  493.8 |
       Dungeon |   4971 |   4621 |    350 |      0 |      0 |  10 |  497.1 |
        Temple |    212 |    212 |      0 |     30 |      0 |   1 |  212.0 |
          Lair |   1567 |   1567 |      0 |      0 |      0 |   4 |  391.8 |
   Spider Nest |   1809 |   1622 |    187 |      0 |      0 |   4 |  452.2 |
  Orcish Mines |   1842 |   1626 |    216 |      0 |      0 |   2 |  921.0 |
   Elven Halls |   1364 |   1282 |     82 |      0 |      0 |   2 |  682.0 |
         Abyss |     82 |     82 |      0 |      0 |      0 |   1 |   82.0 |
               +--------+--------+--------+--------+--------+-----+--------+

Top non-repeatable levels by time:
   Elf:1: 1044 daAuts
   Orc:2: 1029 daAuts
     D:5: 999 daAuts
   Orc:1: 813 daAuts
     D:7: 759 daAuts
     D:8: 685 daAuts
Spider:3: 683 daAuts
Spider:1: 678 daAuts
     D:6: 585 daAuts
  Lair:2: 560 daAuts
     D:4: 510 daAuts
  Lair:3: 464 daAuts
     D:9: 439 daAuts
Spider:2: 437 daAuts
     D:2: 412 daAuts
